 Dungeon Sprint DCSS version 0.17-a0-2002-g92c7e20 (webtiles) character file.

11 Kidiri the Sneak (level 2, -1/13 HPs)
             Began as a Spriggan Enchanter on Oct 9, 2015.
             Slain by a human (7 damage)
             ... in the Dungeon (Sprint III: "The Ten Rune Challenge").
             The game lasted 00:02:00 (280 turns).

Kidiri the Sneak (Spriggan Enchanter)                Turns: 280, Time: 00:02:00

Health: -1/13      AC:  3    Str:  4    XL:     2   Next: 13%
Magic:  14/16      EV: 19    Int: 16    God:
Gold:   0          SH:  0    Dex: 16    Spells: 2 memorised, 5 levels left

rFire  + . .     SeeInvis +     a - +1 dagger
rCold  . . .     Clarity  .     b - +1 robe
rNeg   . . .     SustAt   .     (shield restricted)
rPois  .         Gourm    .     (helmet restricted)
rElec  .         Spirit   .     (no cloak)
rCorr  .         Warding  .     (gloves unavailable)
rMut   .         NoTele   +     (boots unavailable)
MR     .....                    (no amulet)
Stlth  +++.......               l - ring of magical power
                                k - ring of protection from fire

@: very quick, not resistant to hostile enchantments, fairly stealthy
A: unfitting armour, see invisible, herbivore 3, speed 3, slow metabolism 2
a: no special abilities


You were in the Dungeon.
You were not hungry.

You visited 1 branch

Inventory:

Hand Weapons
 a - a +1 dagger (weapon)
Armour
 b - a +1 robe (worn)
Jewellery
 k - a ring of protection from fire (left hand)
 l - a ring of magical power (right hand)
Scrolls
 j - a scroll of blinking
Potions
 e - a potion of curing
 f - a potion of heal wounds
 g - a potion of haste
 h - 2 potions of magic
 i - a potion of berserk rage
Books
 c - a book of Maledictions

   Spells                             Type                      Level
   a - Corona                         Hexes                        1
   b - Ensorcelled Hibernation        Hexes/Ice                    2
   c - Confuse                        Hexes                        3
   d - Tukima's Dance                 Hexes                        3
   e - Dazzling Spray                 Conjuration/Hexes            3
Comestibles
 d - a bread ration


   Skills:
 * Level 2.1 Short Blades
 + Level 0.3 Armour
 * Level 4.3 Dodging
 * Level 5.3 Stealth
 * Level 3.7 Spellcasting
 + Level 3.8 Hexes
 + Level 0.0 Ice Magic


You had 5 spell levels left.
You knew the following spells:

 Your Spells              Type           Power        Failure   Level  Hunger
a - Corona                Hex            ###....      4%          1    None
b - Ensorcelled Hibernat  Hex/Ice        #.....       14%         2    ##.....


Dungeon Overview and Level Annotations

Branches:
Dungeon (1/1)

Altars:


Innate Abilities, Weirdness & Mutations

You are tiny and cannot use many weapons and most armour.
You have supernaturally acute eyesight.
You are a herbivore.
You cover ground extremely quickly.
You need consume almost no food.


Message History

Casting: Ensorcelled Hibernation
Confirm with . or Enter, or press ? or * to list all spells.
Aiming: Corona
Press: ? - help, Shift-Dir - straight line, f/p - human
Aim: a human (severely wounded, chance to defeat MR: 51%)
The human is outlined in light.
The human misses you.
You hit the human.
The human is almost dead.
You hit the human.
The human is almost dead.
The human hits you!
Ouch! That really hurt!
You hit the human but do no damage.
The human is almost dead.
The human closely misses you.
You hit the human.
The human is almost dead.
The human hits you!
Ouch! That really hurt!
You die...

▓.....#....≈.♣
▓.....#...≈≈.♣ ..#
▓.....#..≈≈≈≈♣♣♣..+
▓####'#..≈≈≈≈≈≈.♣.#
▓.....#.≈≈≈≈≈≈....#
▓.%...#.≈≈≈≈≈.....#
▓.....#.≈≈≈.......#
▓'#####.......p...#
▓............@....#
▓▓▓▓▓▓▓▓▓▓▓▓▓▓▓▓▓▓▓


You could see a human.

Vanquished Creatures
  2 oozes (D)
  2 rats (D)
4 creatures vanquished.

Vanquished Creatures (others)
  2 draconian scorchers (D)
  A yaktaur (D)
3 creatures vanquished.

Grand Total: 7 creatures vanquished

Notes
Turn   | Place    | Note
--------------------------------------------------------------
     0 | D        | Kidiri the Spriggan Enchanter began the quest for the Orb.
     0 | D        | Reached XP level 1. HP: 9/9 MP: 5/5
     8 | D        | Reached skill level 5 in Stealth
     8 | D        | Reached XP level 2. HP: 10/13 MP: 5/7
    15 | D        | Learned a level 2 spell: Ensorcelled Hibernation
   131 | D        | Killed a yaktaur
   166 | D        | Noticed a scorpion
   195 | D        | Killed a white draconian scorcher
   218 | D        | Killed a white draconian scorcher
   280 | D        | Slain by a human

Vault maps used:
D:        dungeon_sprint_mu

Action                   || total
-------------------------++-------
Melee: Dagger            ||    16
 Cast: Corona            ||     2
       Ensorcelled Hiber ||     1
 Stab: Sleeping          ||     3
